 Dungeon Crawl Stone Soup version 0.7.1-24-ga64cc90 character file.

299 soul the Digger (level 4, -7/30 HPs)
             Began as a Demigod Earth Elementalist on Jan 9, 2011.
             Mangled by Prince Ribbit (14 damage)
             ... on Level 4 of the Dungeon.
             The game lasted 00:11:21 (4360 turns).

soul the Digger (Demigod Earth Elementalist)        Turns: 4360, Time: 00:11:22

HP  -7/30        AC  7     Str 11 Exp: 4/192 (0), need: 31
MP   9/11        EV 11     Int 21      God:
Gold 165         SH  0     Dex 17      Spells:  3 memorised,  0 levels left

Res.Fire  : . . .   See Invis. : .   d - 39 +0 stones
Res.Cold  : . . .   Warding    : .   f - +0 elf leather armour
Life Prot.: . . .   Conserve   : .   (no shield)
Res.Poison: .       Res.Corr.  : .   (no helmet)
Res.Elec. : .       Clarity    : .   (no cloak) Spirit.Shd: . Stasis : .
                                     s - +2 pair of gloves
Sust.Abil.: . .     Rnd.Telep. : .   n - +0 pair of boots
Res.Mut.  : .       Ctrl.Telep.: .   (no amulet)
Res.Rott. : .       Levitation : .   (no ring)
Saprovore : . . .   Ctrl.Flight: .   (no ring)

@: slightly resistant to hostile enchantments, fairly stealthy
A: no striking features
a: no special abilities


You were on level 4 of the Dungeon.
You were not hungry.

You visited 1 branch of the dungeon, and saw 4 of its levels.

You collected 145 gold pieces.

Inventory:

Hand weapons
 e - a +0,+0 knife
 p - a cursed -1,-1 orcish spiked flail
Missiles
 d - 39 +0 stones (in hand)
Armour
 f - a +0 elven leather armour (worn)
 j - a +0 elven ring mail
 n - a +0 pair of boots (worn)
 s - a +2 pair of gloves (worn)
 y - a +2 orcish robe of fire resistance
Magical devices
 r - a wand of digging (2) {unknown}
Comestibles
 a - 3 bread rations
 g - 3 meat rations
 k - a pear
 q - 10 grapes
 w - a chunk of worm flesh
 x - 3 chunks of orc flesh
Scrolls
 b - 4 scrolls of teleportation {unknown}
 h - a scroll of blinking {unknown}
 l - 2 scrolls of remove curse {unknown}
 m - a scroll of enchant armour {unknown}
 o - a scroll of identify {unknown}
 t - a scroll of fog {unknown}
 u - a scroll of detect curse {unknown}
Potions
 i - 4 potions of healing {unknown}
 v - a potion of invisibility {unknown}
Books
 c - a book of Geomancy

   Spells                             Type                      Level
   *Sandblast                         Transmutation/Earth          1
   Stoneskin                          Transmutation/Earth          2
   *Passwall                          Transmutation/Earth          3
   *Stone Arrow                       Conjuration/Earth            3
   Summon Elemental                   Summoning                    4
   Lee's Rapid Deconstruction         Transmutation/Earth          5
   You had 0 experience left.


   Skills:
 + Level 1 Dodging
 - Level 1 Stealth
 + Level 2 Spellcasting
 + Level 4 Transmutations
 + Level 4 Earth Magic


You couldn't memorise any spells.
You knew the following spells:

 Your Spells              Type           Power        Success   Level
a - Sandblast             Erth/Trmt      ####...      Excellent   1
b - Stone Arrow           Erth/Conj      ###....      Good        3
c - Passwall              Erth/Trmt      ####......   Great       3

Dungeon Overview and Level Annotations

Branches:
Dungeon (4/27)
 Temple: D:4-7


Message History

The rocky blast hits Prince Ribbit.
Prince Ribbit is moderately wounded.
Prince Ribbit croaks regally.
Prince Ribbit hits you!
* * * LOW HITPOINT WARNING * * *
Prince Ribbit hits you!
You die...

. #.# #. #.#
#. #.# #.
#.# .# #.
#.#
...###.###.#
..........<#
<.....$...##
....._F@..#
..........#
##+########


You could see Prince Ribbit.

Vanquished Creatures
  An orc wizard (D:3)
  3 snakes (D:3)
  A giant mite (D:3)
  2 worms (D:3)
  Terence (D:3)
  3 giant geckos
  2 oozes
  9 giant bats
  A giant cockroach (D:3)
  6 goblins
  3 hobgoblins
  4 orcs (D:3)
  A small snake (D:2)
  A giant newt (D:1)
  6 kobolds
  2 quokkas
  12 rats
58 creatures vanquished.

Vanquished Creatures (others)
  A toadstool (D:2)
1 creature vanquished.

Grand Total: 59 creatures vanquished

Notes
Turn   | Place    | Note
--------------------------------------------------------------
     0 | D:1      | soul, the Demigod Earth Elementalist, began the quest for the Orb.
     0 | D:1      | Reached XP level 1. HP: 12/12 MP: 4/4
     3 | D:1      | Reached skill 1 in Transmutations
    93 | D:1      | Reached skill 3 in Earth Magic
  1021 | D:1      | Reached XP level 2. HP: 18/18 MP: 5/6
  2367 | D:3      | Noticed Terence
  2382 | D:3      | Defeated Terence
  2382 | D:3      | Reached XP level 3. HP: 21/24 MP: 2/7
  2494 | D:3      | Learned a level 3 spell: Stone Arrow
  3251 | D:3      | Reached skill 4 in Earth Magic
  3642 | D:3      | Reached XP level 4. HP: 30/30 MP: 6/10
  4349 | D:3      | Learned a level 3 spell: Passwall
  4350 | D:4      | Found a deep blue altar of Sif Muna.
  4354 | D:4      | Noticed Prince Ribbit
  4360 | D:4      | Mangled by Prince Ribbit
